 Dungeon Crawl Stone Soup version 0.31-a0-931-g7b59d4eb97 (webtiles) character file.

Game seed: 14586706974426652309

900 Persephone the Changeling (level 8, 0/50 HPs)
             Began as an Octopode Shapeshifter on Oct 19, 2023.
             Slain by a black bear (4 damage)
             ... on level 5 of the Dungeon.
             The game lasted 00:08:35 (4427 turns).

Persephone the Changeling (Octopode Shapeshifter)   Turns: 4427, Time: 00:08:35

Health: 0/50       AC:  1    Str: 15    XL:     8   Next: 7%
Magic:  8/8        EV: 13    Int: 12    God:
Gold:   123        SH: 11    Dex: 12    Spells: 7/7 levels left

rFire   . .          .
                       - Unarmed
rCold   + . .        y - +1 tower shield
rNeg    . . .        (helmet currently unavailable)
rPois   .            (no amulet)
rElec   .            h - +5 ring of evasion
rCorr   .            x - ring of protection from cold
SInv    .            (no ring)
Will    .....        (no ring)
Stlth   ++           (no ring)
HPRegen 0.28/turn    (no ring)
MPRegen 0.11/turn    (no ring)
                     (no ring)

%: no passive effects
@: beast-form
A: beast (slay +3), almost no armour, amphibious, 8 rings, camouflage 1,
gelatinous body 1, (nimble swimmer 1), tentacles
a: Begin Untransformation


You were on level 5 of the Dungeon.
You were a hulking beast.
You visited 1 branch of the dungeon, and saw 5 of its levels.

You collected 123 gold pieces.

Inventory:

Missiles
 r - a javelin (quivered)
 u - 5 silver javelins
Armour
 y - a +1 tower shield (worn)
 B - a +0 kite shield
Jewellery
 h - a +5 ring of evasion (left tentacle)
 k - a ring of wizardry
 x - a ring of protection from cold (right tentacle)
Talismans
 b - a beast talisman (active)
 c - a flux talisman
 i - a serpent talisman
Wands
 a - a wand of flame (42)
Scrolls
 d - 2 scrolls of teleportation
 e - a scroll of poison
 j - a scroll of vulnerability
 l - a scroll of enchant weapon
 o - a scroll of noise
 z - a scroll of fear
 A - 2 scrolls of identify
Potions
 f - a potion of might {unknown}
 g - a potion of attraction
 m - 2 potions of mutation
 n - a potion of brilliance {unknown}
 p - a potion of berserk rage {unknown}
 t - a potion of haste {unknown}
 w - a potion of curing {unknown}


   Skills:
 - Level 2.2 Fighting
 - Level 2.0 Dodging
 + Level 6.2 Unarmed Combat
 * Level 6.8 Shapeshifting


You had 7 spell levels left.
You didn't know any spells.
Your spell library contained the following spells:

 Spells                   Type           Power      Damage    Failure   Level
 Foxfire                  Conj/Fire      0%         2x1d4     99%         1
 Cigotuvi's Dreadful Rot  Necr/Pois/Air  0%         N/A       100%        2
 Passwall                 Tmut/Erth      0%         N/A       100%        2
 Sublimation of Blood     Necr           0%         N/A       100%        2
 Stone Arrow              Conj/Erth      0%         3d7       100%        3
 Olgreb's Toxic Radiance  Pois           0%         N/A       100%        4
 Petrify                  Tmut/Erth      0%         N/A       100%        4
 Irradiate                Conj/Tmut      0%         3d11      100%        5
 Plasma Beam              Fire/Air       0%         2x1d10    100%        6
 Starburst                Conj/Fire      0%         6d3       100%        6
 Lehudib's Crystal Spear  Conj/Erth      0%         10d2      100%        8
 Animate Armour           Summ/Erth      Unusable   N/A       N/A         4

Dungeon Overview and Level Annotations

Branches:
Dungeon (5/15)
 Temple: D:4-7

Altars:

Shops:
D:5 (

Annotations:
D:4 2 runed translucent doors, pokeman's ghost, amateur DEHW


Innate Abilities, Weirdness & Mutations

You are a hulking beast.
Your limbs bulge with bestial killing power. (Slay +3)
You cannot wear most types of armour.
You are amphibious.
You can wear up to eight rings at the same time.
Your skin changes colour to match your surroundings (Stealth+).
Your rubbery body absorbs attacks. (AC +1, EV +1)
((You are camouflaged when in or above water. (Stealth+)))
You have tentacles for arms and can constrict up to eight enemies at once.


Message History

A centaur is nearby!
Found a potion of heal wounds.
You throw a javelin. The javelin closely misses the centaur.
The centaur shouts!
The centaur zaps a wand.
The puff of flame hits you!
The centaur wields a +0 shortbow.
The centaur shoots an arrow.
The arrow closely misses you.
You throw a javelin.
The javelin pierces through the centaur.
The centaur is moderately wounded.
A sleepcap comes into view.
The centaur zaps a wand.
The puff of flame misses you.
The centaur zaps a wand.
The puff of flame misses you.
You throw a javelin. The javelin barely misses the centaur.
The centaur shoots an arrow.
The arrow closely misses you.
The centaur zaps a wand.
The puff of flame hits you!
A black bear comes into view.
You are too injured to fight recklessly!
You are too injured to fight recklessly!
You are too injured to fight recklessly!
The centaur zaps a wand.
You block the puff of flame.
The centaur shoots an arrow.
The arrow hits you. You block the sleepcap's attack.
The black bear growls angrily.
The centaur unwields a +0 shortbow.
The centaur closely misses you. The centaur barely misses you.
The sleepcap releases spores at you. You block the centaur's attack.
The centaur kicks you.
You bludgeon the centaur!
The centaur is severely wounded.
The centaur zaps a wand.
You block the puff of flame. The sleepcap releases spores at you!
* * * LOW HITPOINT WARNING * * *
You are engulfed in a cloud of soporific spores!
You fall asleep.
The centaur hits you.
You wake up.
* * * LOW HITPOINT WARNING * * *
The centaur kicks you.
* * * LOW HITPOINT WARNING * * *
You block the sleepcap's attack. The black bear bites you.
You die...

####..######...≈..§.....
..............≈.≈.......
.............≈...§..####
........./..≈..∩..≈.#
.............≈..§≈..#
..............≈.≈...#
...............≈....#
...........#........#
......fh...##.......#
......ch...##.......#
...........##.......#
...........# ....
....(...!..#
...........#
............
.............


You could see a black bear, a sleepcap and a centaur.

Vanquished Creatures
  A water moccasin (D:5)
  An ogre (D:4)
  2 scorpions (D:5)
  4 hounds (D:5)
  An orc priest (D:5)
  Jessica (D:2)
  4 iguanas (D:5)
  Ijyb (D:4)
  2 orc wizards (D:5)
  3 sleepcaps
  Robin (D:4)
  5 adders
  2 ufetubi (D:5)
  3 worms
  3 dart slugs
  7 orcs
  7 ball pythons
  5 bats
  2 endoplasms
  2 giant cockroaches
  16 goblins
  10 hobgoblins
  4 jackals (D:5)
  6 kobolds
  2 quokkas (D:3)
  2 frilled lizards
  6 rats
103 creatures vanquished.

Notes
Turn   | Place    | Note
-------+----------+-------------------------------------------
     0 | D:1      | Persephone the Octopode Shapeshifter began the quest for
                  | the Orb.
     0 | D:1      | Reached XP level 1. HP: 13/13 MP: 1/1
   175 | D:1      | Reached XP level 2. HP: 14/18 MP: 2/2
   325 | D:1      | Found a faded altar of an unknown god.
   746 | D:2      | Noticed Jessica
   755 | D:2      | Killed Jessica
   756 | D:2      | Reached XP level 3. HP: 15/24 MP: 3/3
  1073 | D:2      | Reached XP level 4. HP: 20/29 MP: 4/4
  2407 | D:4      | Noticed Robin
  2428 | D:3      | Reached XP level 5. HP: 17/34 MP: 5/5
  2539 | D:4      | Killed Robin
  2726 | D:4      | Noticed an ogre
  2735 | D:4      | Killed an ogre
  2736 | D:4      | Reached XP level 6. HP: 39/39 MP: 6/6
  2805 | D:4      | Noticed Ijyb
  2815 | D:4      | Killed Ijyb
  2816 | D:4      | Reached skill level 5 in Unarmed Combat
  2984 | D:4      | Found a large runed translucent door.
  2986 | D:4      | Found a large runed translucent door.
  3270 | D:4      | Noticed pokeman's ghost (amateur DEHW)
  3460 | D:5      | Identified the "Waxkoqar"
  3460 | D:5      | Entered Level 5 of the Dungeon
  3553 | D:5      | Reached skill level 5 in Shapeshifting
  3660 | D:5      | Noticed a water moccasin
  3672 | D:5      | Killed a water moccasin
  3673 | D:5      | Reached XP level 7. HP: 19/45 MP: 7/7
  4363 | D:5      | Reached XP level 8. HP: 45/50 MP: 8/8
  4407 | D:5      | Found Tatoaps's Weapon Boutique.
  4427 | D:5      | Slain by a black bear

Illustrated notes

Levels and vault maps discovered:
D:1:      ebering_hopf_link, layout_basic,
          shapermc_ecumenical_altar_mp_urbaneastern, minivault_19
D:2:      layout_basic, st_stairs_13, uniq_jessica
D:3:      layout_basic
D:4:      layout_gridville, ebering_ghost_disaster_area, uniq_robin, uniq_ijyb
D:5:      minmay_octagon_keep, layout_basic, mainiacjoe_overflow_alcove_1,
          nemelex_xobeh_ov_fountains_minmay, serial_shops, nicolae_diamond_shop

Skill      XL: |  1  2  3  4  5  6  7 |
---------------+----------------------+-----
Unarmed Combat | 4 5 6 |  6.2
Fighting       | 2 |  2.2
Shapeshifting  | 4 5 6 |  6.8
Dodging        | |  2.0

Action                     |  1- 3 |  4- 6 |  7- 9 || total
---------------------------+-------+-------+-------++-------
  Melee: Unarmed           |    37 |   118 |    41 ||   196
         Constrict         |    12 |    29 |    12 ||    53
         Tentacles         |    10 |    15 |    18 ||    43
         Punch             |       |     3 |     3 ||     6
  Throw: Javelin           |       |    19 |    17 ||    36
    Use: Scroll            |       |    11 |     2 ||    13
         Potion            |       |     3 |       ||     3
   Stab: Sleeping          |     4 |     9 |       ||    13
         Distracted        |       |       |     1 ||     1
 Armour: Skin              |    11 |    63 |    25 ||    99
  Dodge: Dodged            |    22 |    78 |    28 ||   128
  Block: Tower shield      |       |    33 |    22 ||    55

Table legend: (Time is in decaauts)
 A = Elapsed time spent in this place.
 B = Non-inter-level travel time spent in this place.
 C = Inter-level travel time spent in this place.
 D = Time resting spent in this place.
 E = Time spent auto-exploring this place.
 F = Levels seen in this place.
 G = Mean time per level.
                   A        B        C        D        E       F      G
               +--------+--------+--------+--------+--------+-----+--------+
         Total |   4477 |   4393 |     84 |      0 |   3596 |   5 |  895.4 |
       Dungeon |   4477 |   4393 |     84 |      0 |   3596 |   5 |  895.4 |
               +--------+--------+--------+--------+--------+-----+--------+

Top non-repeatable levels by time:
     D:4: 1042 daAuts
     D:5: 1004 daAuts
     D:3: 912 daAuts
     D:2: 781 daAuts
     D:1: 736 daAuts
